 Dungeon Crawl Stone Soup version 0.19.5 (webtiles) character file.

973 tof the Skirmisher (level 7, -1/59 HPs)
             Began as a Minotaur Monk on Mar 1, 2017.
             Was a Believer of Hepliaklqana.
             Slain by a centaur (3 damage)
             ... on level 6 of the Dungeon.
             The game lasted 00:20:45 (4693 turns).

tof the Skirmisher (Minotaur Monk)                  Turns: 4693, Time: 00:20:46

Health: -1/59      AC: 18    Str: 15    XL:     7   Next: 94%
Magic:  6/6        EV:  1    Int:  7    God:    Hepliaklqana [**....]
Gold:   316        SH:  0    Dex: 15    Spells: 0 memorised, 6 levels left

rFire  + . .     SeeInvis .     a - +0 spear
rCold  + . .     Gourm    .     E - +0 gold dragon scales
rNeg   . . .     Faith    .     (no shield)
rPois  +         Spirit   .     F - +2 hat
rElec  .         Reflect  .     J - +0 cloak
rCorr  .         Harm     .     C - +0 pair of gloves
MR     +....                    (no boots)
Stlth  ..........               (no amulet)
                                (no ring)
                                r - ring of protection from magic

@: no status effects
A: retaliatory headbutt, reduced essence, horns 2
a: Recall Ancestor, Ancestor Identity, Renounce Religion


You were on level 6 of the Dungeon.
You worshipped Hepliaklqana.
Hepliaklqana was pleased with you.
You were not hungry.

You visited 2 branches of the dungeon, and saw 7 of its levels.

You collected 316 gold pieces.

Inventory:

Hand Weapons
 a - a +0 spear (weapon)
Armour
 b - a +0 robe
 d - a +0 ring mail
 B - a +0 chain mail
 C - a +0 pair of gloves (worn)
 E - +0 gold dragon scales (worn)
 F - a +2 hat (worn)
 J - a +0 cloak (worn)
Jewellery
 r - a ring of protection from magic (left hand)
 L - an uncursed ring of magical power {unknown}
Scrolls
 h - 8 scrolls of identify
 k - 2 scrolls of enchant weapon {unknown}
 m - a scroll of random uselessness {unknown}
 n - 2 scrolls of remove curse
 p - a scroll of amnesia {unknown}
 t - a scroll of teleportation {unknown}
 v - a scroll of recharging {unknown}
 y - a scroll of magic mapping {unknown}
 z - 2 scrolls of noise {unknown}
 A - a scroll of enchant armour {unknown}
Potions
 e - 2 potions of brilliance {unknown}
 i - 6 potions of curing {unknown}
 j - a potion of heal wounds {unknown}
 l - 2 potions of cure mutation {unknown}
 q - 2 potions of agility {unknown}
 s - a potion of degeneration {unknown}
 u - 2 potions of mutation {unknown}
 w - 2 potions of magic {unknown}
 x - 2 potions of berserk rage
 G - a potion of flight {unknown}
 H - a potion of haste {unknown}
 K - a potion of might {unknown}
Books
 I - a book of Cantrips

   Spells                             Type                      Level
   a - Confusing Touch                Hexes                        1
   b - Animate Skeleton               Necromancy                   1
   c - Summon Small Mammal            Summoning                    1
   d - Apportation                    Translocation                1
Comestibles
 c - 3 bread rations
 f - a beef jerky
 g - a meat ration
 o - 5 fruits
 D - a royal jelly
 M - 2 chunks of flesh


   Skills:
 * Level 7.4 Fighting
 * Level 7.2 Polearms
 + Level 4.3 Armour
 + Level 5.0 Dodging
 - Level 1.5 Stealth


You had 6 spell levels left.
You didn't know any spells.

Dungeon Overview and Level Annotations

Branches:
Dungeon (6/15)             Temple (1/1) D:4

Altars:
Ashenzari
Cheibriados
Dithmenos
Elyvilon
Fedhas
Hepliaklqana
Makhleb
Okawaru
Qazlal
Ru
Sif Muna
Trog
Xom
Yredelemnul
Zin
The Shining One

Annotations:
D:5 Menkaure


Innate Abilities, Weirdness & Mutations

You reflexively headbutt those who attack you in melee.
You have a pair of horns on your head.
Your life essence is reduced. (-10% HP)


Message History

The adder bites you but does no damage.
The centaur hits you but does no damage.
You hit the centaur but do no damage.
The centaur is moderately wounded.
The centaur hits you but does no damage.
The adder bites you.
* * * LOW HITPOINT WARNING * * *
You hit the centaur.
The centaur is heavily wounded.
The centaur completely misses you. The adder bites you but does no damage.
The leopard gecko bites you but does no damage.
Your gold dragon scales prevents you from hitting the centaur.
You headbutt the centaur.
The centaur is severely wounded.
The centaur hits you.
* * * LOW HITPOINT WARNING * * *
The adder bites you but does no damage.
The leopard gecko bites you but does no damage.
The centaur hits you.
You die...

####### .......
#### ....... ...
.......
#.###.......
#.c......#
#.%@.....###
#..Sl.......
#...(...####
#.>.(...#
###...(...#####
........<.......
####.......####.
.............
##.#########.#


You could see a centaur, an adder and a leopard gecko.

Vanquished Creatures
  The ghost of empire the Slasher, an amateur DrWr of Sif Muna (D:4)
  2 ogres
  A hound (D:4)
  A centaur zombie (D:4)
  2 orc wizards (D:4)
  2 orc priests
  Terence (D:3)
  An iguana (D:4)
  A killer bee zombie (D:5)
  3 gnolls (D:3)
  11 adders
  2 oozes
  An adder skeleton (D:3)
  2 worms (D:2)
  2 dart slugs (D:1)
  4 leopard geckos
  8 orcs
  6 giant cockroaches
  7 goblins
  12 hobgoblins
  3 jackals
  9 kobolds
  A quokka (D:4)
  3 ball pythons
  5 bats
  7 frilled lizards
  6 rats
104 creatures vanquished.

Vanquished Creatures (collateral kills)
  An ogre (D:4)
  A howler monkey (D:5)
  A jelly (D:4)
  An orc priest (D:4)
  A hound (D:5)
  A worker ant (D:4)
  4 orcs (D:4)
  A giant cockroach (D:4)
  2 jackals (D:5)
13 creatures vanquished.

Grand Total: 117 creatures vanquished

Notes
Turn   | Place    | Note
-------+----------+-------------------------------------------
     0 | D:1      | tof the Minotaur Monk began the quest for the Orb.
     0 | D:1      | Reached XP level 1. HP: 19/19 MP: 0/0
   255 | D:1      | Reached XP level 2. HP: 27/27 MP: 1/1
   536 | D:1      | Reached XP level 3. HP: 33/33 MP: 2/2
   577 | D:2      | Reached skill level 1 in Armour
   826 | D:2      | Found a faded altar of an unknown god.
  1029 | D:2      | Reached XP level 4. HP: 33/41 MP: 3/3
  1511 | D:2      | Found an iron altar of Okawaru.
  1661 | D:3      | Noticed Terence
  1675 | D:3      | Killed Terence
  1675 | D:3      | Reached skill level 5 in Polearms
  1765 | D:3      | Reached skill level 5 in Fighting
  1765 | D:3      | Reached XP level 5. HP: 10/48 MP: 4/4
  2045 | D:3      | Found a glowing golden altar of the Shining One.
  2854 | D:3      | Reached XP level 6. HP: 56/56 MP: 5/5
  2943 | D:4      | Found a staircase to the Ecumenical Temple.
  2955 | Temple   | Entered the Ecumenical Temple
  3021 | Temple   | Became a worshipper of Hepliaklqana the Forgotten
  3021 | Temple   | Reached * piety under Hepliaklqana
  3021 | Temple   | Reached ** piety under Hepliaklqana
  3022 | Temple   | Remembered your ancestor Huemac as a knight
  3238 | D:4      | Noticed empire's ghost (amateur DrWr)
  3474 | D:4      | Reached XP level 7. HP: 45/57 MP: 6/6
  3521 | D:4      | Killed empire's ghost
  4237 | D:5      | Entered Level 5 of the Dungeon
  4336 | D:5      | Found a faded altar of an unknown god.
  4336 | D:5      | Found a basalt altar of Yredelemnul.
  4344 | D:5      | Found a faded altar of an unknown god.
  4346 | D:5      | Found a faded altar of an unknown god.
  4348 | D:5      | Found a faded altar of an unknown god.
  4455 | D:5      | Reached skill level 5 in Dodging
  4669 | D:5      | Noticed Menkaure
  4693 | D:6      | HP: 2/59 [centaur (3)]
  4693 | D:6      | Slain by a centaur

Skill      XL: |  1  2  3  4  5  6  7 |
---------------+----------------------+-----
Polearms       | 4 5 6 7 |  7.2
Fighting       | 4 5 6 7 |  7.4
Armour         | 1 2 3 4 |  4.3
Dodging        | 4 5 |  5.0
Stealth        | |  1.5

Action                   |  1- 3 |  4- 6 |  7- 9 || total
-------------------------+-------+-------+-------++-------
Melee: Spear             |   107 |   248 |   111 ||   466
       Headbutt          |    13 |    37 |    17 ||    67
Invok: Ancestor Life: Kn |       |     1 |       ||     1
       Ancestor Identity |       |     1 |       ||     1
  Use: Scroll            |       |       |     2 ||     2
 Stab: Sleeping          |     2 |       |       ||     2
       Distracted        |       |       |     1 ||     1
  Eat: Chunk             |       |     8 |     4 ||    12
Armor: Ring mail         |    21 |     8 |       ||    29
       Chain mail        |       |    64 |    16 ||    80
       Gold dragon scale |       |       |    51 ||    51
Dodge: Dodged            |    34 |    59 |    13 ||   106
